 Dungeon Crawl Stone Soup version 0.30-a0-639-g3916f1956a (webtiles) character file.

Game seed: 2269352572124981399

4080 browni3141 the Covert (level 10, -2/53 HPs)
             Began as a Kobold Brigand on Jan 15, 2023.
             Was a Follower of Dithmenos.
             Slain by a komodo dragon (16 damage)
             ... on level 8 of the Dungeon.
             The game lasted 00:16:21 (7595 turns).

browni3141 the Covert (Kobold Brigand)              Turns: 7595, Time: 00:16:22

Health: -2/53      AC: 16    Str: 18    XL:     10   Next: 49%
Magic:  0/14       EV: 17    Int: 12    God:    Dithmenos [*.....]
Gold:   0          SH:  0    Dex: 26    Spells: 7/15 levels left

rFire   . . .      SeeInvis +    H - +0 short sword
rCold   x . .      Faith    .    (no shield)
rNeg    + . .      Spirit   +    m - +4 ring mail "Gitacuc" {rElec rC- Str+7 Dex+4}
rPois   .          Reflect  .    y - +2 helmet
rElec   +          Harm     .    J - +1 cloak "Cefeisez" {Str+3 Slay+3}
rCorr   .          Rampage  .    (no gloves)
Will    .....                    p - +0 pair of boots
Stlth   ++++++++                 F - amulet of guardian spirit
HPRegen 0.28/turn                b - ring of positive energy
MPRegen 0.14/turn                o - ring of see invisible

@: confusing by touch, wreathed by umbra
A: small, no large weapons, nightstalker 3
a: Renounce Religion


You were on level 8 of the Dungeon.
You worshipped Dithmenos.
Dithmenos was aware of your devotion.
You visited 2 branches of the dungeon, and saw 9 of its levels.

Inventory:

Hand Weapons
 a - a +2 dagger
 H - a +0 short sword (weapon)
Missiles
 d - 11 poisoned darts
 e - 3 curare-tipped darts
 i - 36 stones
 x - 3 throwing nets
Armour
 m - the +4 ring mail "Gitacuc" (worn) {rElec rC- Str+7 Dex+4}
   (You found it on level 2 of the Dungeon)

   Str:       It affects your strength (+7).
   Dex:       It affects your dexterity (+4).
   rC:        It makes you vulnerable to cold.
   rElec:     It insulates you from electricity.
 p - a +0 pair of boots (worn)
 y - a +2 helmet (worn)
 J - the +1 cloak "Cefeisez" (worn) {Str+3 Slay+3}
   (You found it on level 7 of the Dungeon)

   Str:       It affects your strength (+3).
   Slay:      It affects your accuracy & damage with ranged weapons and melee
   (+3).
Jewellery
 b - a ring of positive energy (left hand)
 k - a ring of flight
 o - a ring of see invisible (right hand)
 F - an amulet of guardian spirit (around neck)
Wands
 E - a wand of charming (16)
Scrolls
 f - a scroll of poison
 l - a scroll of immolation
 u - a scroll of torment
 v - 4 scrolls of teleportation
 w - a scroll of enchant armour
 B - 2 scrolls of noise {unknown}
 C - a scroll of enchant weapon {unknown}
 D - a scroll of magic mapping {unknown}
 G - 3 scrolls of identify
 I - a scroll of vulnerability {unknown}
Potions
 c - a potion of lignification
 g - 2 potions of curing
 h - a potion of might
 j - a potion of berserk rage
 r - 3 potions of haste {unknown}
 s - a potion of flight {unknown}
 t - a potion of invisibility {unknown}
 z - a potion of mutation {unknown}
 A - 2 potions of brilliance {unknown}


   Skills:
 - Level 2.1 Fighting
 - Level 5.0 Short Blades
 - Level 2.1 Throwing
 - Level 3.0 Armour
 - Level 5.0 Dodging
 * Level 12.7 Stealth
 - Level 3.0 Spellcasting
 - Level 8.0 Hexes
 - Level 4.0 Translocations
 - Level 3.0 Invocations


You had 7 spell levels left.
You knew the following spells:

 Your Spells              Type           Power      Damage    Failure   Level
a - Blink                 Tloc           22%        N/A       12%         2
b - Confusing Touch       Hex            21%        N/A       4%          3
c - Teleport Other        Tloc           11%        N/A       24%         3

Your spell library contained the following spells:

 Spells                   Type           Power      Damage    Failure   Level
 Lesser Beckoning         Tloc           22%        N/A       12%         2
 Gell's Gravitas          Tloc           11%        N/A       24%         3
 Summon Guardian Golem    Hex/Summ       11%        N/A       24%         3
 Momentum Strike          Conj/Tloc      12%        3d8       28%         2
 Kiss of Death            Conj/Necr      4%         2d5       38%         1
 Sandblast                Erth           2%         2d4       38%         1
 Passwall                 Tmut/Erth      0%         N/A       54%         2
 Stone Arrow              Conj/Erth      2%         3d7       77%         3
 Dispel Undead            Necr           1%         3d6       99%         4
 Dispersal                Tloc           5%         N/A       100%        6
 Orb of Destruction       Conj           0%         9d5       100%        7
 Spellforged Servitor     Conj/Summ      0%         N/A       100%        7


Dungeon Overview and Level Annotations

Branches:
Dungeon (8/15)             Temple (1/1) D:5
   Lair: D:8-11

Altars:
Ashenzari
Cheibriados
Dithmenos
Elyvilon
Fedhas
Gozag
Hepliaklqana
Kikubaaqudgha
Makhleb
Nemelex Xobeh
Okawaru
Ru
Sif Muna
Trog
Uskayaw
Vehumet
Xom
Yredelemnul
Zin
The Shining One

Annotations:
D:3 2 transporters, ryw's ghost, amateur DENe


Innate Abilities, Weirdness & Mutations

You are small and have problems with some larger weapons.
You are completely attuned to the shadows.


Message History

You hit Maurice but do no damage.
Maurice appears confused.
Maurice is lightly wounded.
Maurice misses you.
You catch the helpless Maurice completely off-guard!
You impale Maurice!!
Maurice is heavily wounded.
Maurice gestures wildly.
Maurice hits you but does no damage.
You catch the helpless Maurice completely off-guard!
You impale Maurice!!
You kill Maurice!
Dithmenos accepts your kill.
Your hands begin to glow red.
The komodo dragon bites you!
You barely miss the komodo dragon. The komodo dragon misses you.
Your magical contamination has completely faded away.
You hit the komodo dragon but do no damage.
The komodo dragon barely misses you.
You hit the komodo dragon but do no damage.
You hit the komodo dragon but do no damage.
The komodo dragon closely misses you.
You hit the komodo dragon but do no damage.
The komodo dragon completely misses you.
You hit the komodo dragon but do no damage.
The komodo dragon barely misses you.
You hit the komodo dragon but do no damage.
You barely miss the komodo dragon. The komodo dragon bites you!!
* * * LOW HITPOINT WARNING * * *
Press: ? - help, v - describe, . - travel
Here: a komodo dragon (chance to confuse on hit: 36%, umbra)
The floor.
Aiming: Charm
Press: ? - help, Shift-Dir - straight line, f - komodo dragon
Aim: a komodo dragon (chance to confuse on hit: 36%, umbra, chance to affect: 31%)
Okay, then.
Unknown command.
You hit the komodo dragon but do no damage.
The komodo dragon barely misses you.
You hit the komodo dragon but do no damage.
You barely miss the komodo dragon. The komodo dragon bites you!
You die...

... ### #.#
#.# .# #.# ..#
. #.#######.##
#
##...........
###...##).<.#
#.@l.###.####
#.)...........
####...)#.####
#...)....
#....##...
#....# ...
#....#


You could see a komodo dragon.

Vanquished Creatures
  Maurice (D:8)
  Joseph (D:8)
  A kobold demonologist (D:6)
  A komodo dragon (D:8)
  A hornet (D:8)
  A wyvern (D:8)
  A steam dragon (D:8)
  A water moccasin (D:7)
  An ice beast (D:6)
  An ogre (D:7)
  A centaur (D:6)
  A phantom (D:6)
  A kobold brigand (D:7)
  6 bullfrogs
  5 scorpions
  2 necrophages
  8 wights
  3 hounds
  4 jellies
  2 orc priests
  Crazy Yiuf (D:2)
  3 iguanas
  3 orc wizards
  A hound skeleton (D:7)
  10 gnolls
  9 adders
  2 shadow imps (D:6)
  2 white imps (D:6)
  An ufetubus (D:4)
  4 dart slugs
  12 orcs
  8 endoplasms
  2 giant cockroaches (D:4)
  4 goblins
  5 hobgoblins
  2 jackals (D:1)
  8 kobolds
  2 quokkas
  4 ball pythons
  3 bats
  2 frilled lizards
  3 rats
134 creatures vanquished.

Vanquished Creatures (others)
  36 fungi (D:8)
  43 plants (D:8)
79 creatures vanquished.

Grand Total: 213 creatures vanquished

Notes
Turn   | Place    | Note
-------+----------+-------------------------------------------
     0 | D:1      | browni3141 the Kobold Brigand began the quest for the Orb.
     0 | D:1      | Reached XP level 1. HP: 12/12 MP: 1/1
    63 | D:1      | Reached XP level 2. HP: 17/17 MP: 2/2
    65 | D:1      | Reached skill level 6 in Stealth
   379 | D:1      | Reached XP level 3. HP: 20/21 MP: 3/3
   840 | D:2      | Found a runed translucent door.
   843 | D:2      | Noticed Crazy Yiuf
   896 | D:2      | Found a faded altar of an unknown god.
  1069 | D:2      | Identified the +4 ring mail "Gitacuc" {rElec rC- Str+7
                  | Dex+4}
  1508 | D:2      | Killed Crazy Yiuf
  1509 | D:2      | Reached skill level 1 in Armour
  1509 | D:2      | Reached XP level 4. HP: 24/26 MP: 4/4
  1682 | D:3      | Noticed a phantom
  1757 | D:3      | Found a transporter.
  1759 | D:3      | Noticed ryw's ghost (amateur DENe)
  1785 | D:3      | Found a transporter.
  1821 | D:3      | Found a hide-covered altar of Uskayaw.
  2004 | D:3      | Found a shimmering blue altar of Sif Muna.
  2277 | D:3      | Reached skill level 5 in Short Blades
  2293 | D:3      | Reached XP level 5. HP: 30/30 MP: 5/5
  2595 | D:4      | Found a glowing golden altar of the Shining One.
  2875 | D:4      | Reached XP level 6. HP: 30/35 MP: 6/6
  3221 | D:4      | Identified the +4 hand axe "Naquec" {speed, Int-4 Dex+5}
  3353 | D:5      | Entered Level 5 of the Dungeon
  3564 | D:5      | Reached skill level 1 in Spellcasting
  3564 | D:5      | Reached XP level 7. HP: 9/40 MP: 8/8
  3824 | D:5      | Found a staircase to the Ecumenical Temple.
  3852 | Temple   | Entered the Ecumenical Temple
  4008 | Temple   | Became a worshipper of Dithmenos the Shadowed
  4043 | D:5      | Found a blossoming altar of Fedhas.
  4429 | D:6      | Reached skill level 5 in Dodging
  4429 | D:6      | Reached skill level 1 in Invocations
  4583 | D:6      | Found an iron altar of Okawaru.
  4614 | D:6      | Found a broken altar of Ashenzari.
  4644 | D:6      | Identified the +0 helmet of Card Tricks {rElec rPois Str-5}
  4677 | D:6      | Reached skill level 7 in Stealth
  4714 | D:6      | Reached XP level 8. HP: 40/44 MP: 11/11
  5021 | D:5      | Reached skill level 8 in Stealth
  5452 | D:6      | Reached skill level 9 in Stealth
  5683 | D:6      | Learned a level 2 spell: Blink
  5687 | D:6      | Learned a level 3 spell: Confusing Touch
  5691 | D:6      | Learned a level 3 spell: Teleport Other
  5692 | D:7      | Noticed a kobold demonologist
  5716 | D:6      | Killed a kobold demonologist
  5717 | D:6      | Reached skill level 1 in Hexes
  5717 | D:6      | Reached skill level 1 in Translocations
  5830 | D:6      | Reached XP level 9. HP: 35/43 MP: 4/13
  5848 | D:5      | Reached skill level 10 in Stealth
  6171 | D:6      | Reached * piety under Dithmenos
  6481 | D:7      | Identified the +1 cloak "Cefeisez" {Str+3 Slay+3}
  6524 | D:7      | Reached skill level 5 in Hexes
  6740 | D:7      | Found a burning altar of Makhleb.
  7178 | D:8      | Noticed a hornet
  7182 | D:8      | Killed a hornet
  7216 | D:8      | Reached XP level 10. HP: 53/53 MP: 10/14
  7238 | D:8      | Noticed a komodo dragon
  7254 | D:8      | Killed a komodo dragon
  7369 | D:8      | Noticed Joseph
  7374 | D:8      | Noticed a komodo dragon
  7375 | D:8      | Noticed a komodo dragon
  7382 | D:8      | Killed Joseph
  7383 | D:8      | Reached skill level 11 in Stealth
  7559 | D:8      | Reached skill level 12 in Stealth
  7563 | D:8      | Noticed Maurice
  7583 | D:8      | Killed Maurice
  7595 | D:8      | Slain by a komodo dragon

Illustrated notes

Levels and vault maps discovered:
D:1:      amcnicky_arrival_choice, layout_loops_ring
D:2:      layout_loops_cross, shapermc_ecumenical_altar_notcrosses,
          uniq_crazy_yiuf_cottage
D:3:      layout_loops_ring, mainiacjoe_overflow_24_doors,
          mainiacjoe_overflow_six_doors_small, gammafunk_ghost_mausoleum
D:4:      minmay_chambers_of_threes, layout_rooms, tso_metal_star
D:5:      layout_rooms, fedhas_altar_3, minmay_temple_entry_antechambers
D:6:      layout_basic, kennysheep_mini, ashenzari_conservatory_becter
D:7:      layout_rooms, makhleb_blood_cavern_becter, nrook_loot_triangle
D:8:      layout_rooms, gammafunk_temple_overflow_wave,
          due_lair_maze_entry_diamond, uniq_joseph, uniq_maurice, uniq_psyche
Temple:   hellmonk_temple_forest_ring

Skill      XL: |  1  2  3  4  5  6  7  8  9 10 |
---------------+-------------------------------+-----
Stealth        | 6 7 9 10 12 | 12.7
Short Blades   | 3 4 5 |  5.0
Armour         | 1 3 |  3.0
Dodging        | 4 5 |  5.0
Spellcasting   | 1 2 3 |  3.0
Invocations    | 3 |  3.0
Hexes          | 2 7 8 |  8.0
Translocations | 1 4 |  4.0
Fighting       | |  2.1
Throwing       | |  2.1

Action                   |  1- 3 |  4- 6 |  7- 9 | 10-12 || total
-------------------------+-------+-------+-------+-------++-------
Melee: Dagger            |    66 |   124 |   289 |       ||   479
       Punch             |       |     1 |     6 |       ||     7
       Short sword       |       |       |    70 |    64 ||   134
Throw: Dart              |     3 |    19 |    27 |       ||    49
 Cast: Confusing Touch   |       |       |    20 |     6 ||    26
       Blink             |       |       |     1 |       ||     1
Evoke: Wand              |       |     1 |     7 |     3 ||    11
  Use: Scroll            |       |    10 |       |     1 ||    11
 Stab: Sleeping          |    15 |    18 |    12 |     3 ||    48
       Distracted        |       |     2 |       |       ||     2
       Confused          |       |       |    14 |     8 ||    22
Armor: Robe              |    10 |       |       |       ||    10
       Ring mail         |       |    37 |   141 |    10 ||   188
Dodge: Dodged            |    29 |    61 |   330 |    37 ||   457

Table legend: (Time is in decaauts)
 A = Elapsed time spent in this place.
 B = Non-inter-level travel time spent in this place.
 C = Inter-level travel time spent in this place.
 D = Time resting spent in this place.
 E = Time spent auto-exploring this place.
 F = Levels seen in this place.
 G = Mean time per level.
                   A        B        C        D        E       F      G
               +--------+--------+--------+--------+--------+-----+--------+
         Total |   7473 |   7057 |    416 |    575 |   5045 |   9 |  830.3 |
       Dungeon |   7305 |   6912 |    393 |    575 |   4915 |   8 |  913.1 |
        Temple |    167 |    144 |     23 |      0 |    130 |   1 |  167.0 |
               +--------+--------+--------+--------+--------+-----+--------+

Top non-repeatable levels by time:
     D:6: 1562 daAuts
     D:5: 1109 daAuts
     D:7: 1050 daAuts
     D:2: 990 daAuts
     D:3: 909 daAuts
     D:4: 753 daAuts
     D:1: 658 daAuts
     D:8: 270 daAuts
  Temple: 167 daAuts
